 Dungeon Crawl Stone Soup version 0.22.0-38-g04b72b8 (webtiles) character file.

3248 Lew the Blocker (level 9, 0/76 HPs)
             Began as a Gnoll Fighter on Aug 27, 2018.
             Was a Believer of Okawaru.
             Slain by a wolf (3 damage)
             ... led by Grum
             ... on level 8 of the Dungeon.
             The game lasted 00:13:15 (6564 turns).

Lew the Blocker (Gnoll Fighter)                     Turns: 6564, Time: 00:13:16

Health: 0/76       AC: 10    Str: 28    XL:     9   Next: 99%
Magic:  16/16      EV: 11    Int: 16    God:    Okawaru [**....]
Gold:   454        SH: 17    Dex: 14    Spells: 17/17 levels left

rFire    + . .     SeeInvis .   a - +3 war axe
rCold    + . .     Gourm    .   c - +2 shield
rNeg     + . .     Faith    .   z - +3 scale mail of Chimes {*Corrode rElec Int+4}
rPois    +         Spirit   .   (no helmet)
rElec    +         Reflect  +   (no cloak)
rCorr    +         Harm     .   g - +0 pair of gloves (curse)
MR       +....                  t - +0 pair of boots
Stlth    +.........             v - +3 amulet of reflection
HPRegen  0.22/turn              x - ring of protection from magic
MPRegen  0.15/turn              e - ring of positive energy

@: mighty, resistant, corroded, very slightly contaminated, invisible
A: distributed training, fangs 1, rugged brown scales 1, clever 1, strong nose
a: Heroism, Renounce Religion


You were on level 8 of the Dungeon.
You worshipped Okawaru.
Okawaru was pleased with you.
You were not hungry.

You visited 2 branches of the dungeon, and saw 9 of its levels.

You collected 454 gold pieces.

Inventory:

Hand Weapons
 a - a +3 war axe (weapon)
Armour
 c - a +2 shield (worn)
 g - a cursed +0 pair of gloves (worn)
 t - a +0 pair of boots (worn)
 z - the +3 scale mail of Chimes (worn) {*Corrode rElec Int+4}
   (You found it on level 6 of the Dungeon)

   It affects your intelligence (+4).
   It insulates you from electricity.
   It may corrode you when you take damage.
Jewellery
 e - a ring of positive energy (right hand)
 q - an uncursed ring of stealth
 v - a +3 amulet of reflection (around neck)
 w - an uncursed ring of protection from magic
 x - a ring of protection from magic (left hand)
Wands
 m - a wand of random effects (10)
 y - a wand of enslavement (10)
 A - a wand of digging (10)
Scrolls
 b - a scroll of enchant armour
 j - 2 scrolls of identify
 k - 5 scrolls of blinking
 l - 7 scrolls of remove curse
 p - 2 scrolls of teleportation
 r - a scroll of magic mapping
Potions
 d - 2 potions of might
 h - a potion of lignification
 i - 2 potions of ambrosia
 n - 4 potions of curing
 u - a potion of invisibility
Comestibles
 f - 10 rations


   Skills:
 + Level 8.1 Fighting
 + Level 4.6 Short Blades
 + Level 4.6 Long Blades
 + Level 6.6 Axes
 + Level 4.6 Maces & Flails
 + Level 4.6 Polearms
 + Level 4.6 Staves
 + Level 4.6 Slings
 + Level 4.6 Bows
 + Level 4.6 Crossbows
 + Level 4.6 Throwing
 + Level 8.1 Armour
 + Level 4.6 Dodging
 + Level 4.6 Stealth
 + Level 8.1 Shields
 + Level 4.6 Unarmed Combat
 + Level 4.6 Spellcasting
 + Level 3.8 Conjurations
 + Level 3.8 Hexes
 + Level 3.8 Charms
 + Level 3.8 Summonings
 + Level 3.8 Necromancy
 + Level 3.8 Translocations
 + Level 3.8 Transmutations
 + Level 3.8 Fire Magic
 + Level 3.8 Ice Magic
 + Level 3.8 Air Magic
 + Level 3.8 Earth Magic
 + Level 3.8 Poison Magic
 + Level 5.1 Invocations
 + Level 4.6 Evocations


You had 17 spell levels left.
You didn't know any spells.
Your spell library contained the following spells:

 Spells                   Type           Power        Failure   Level  Hunger
 Animate Skeleton         Necr           N/A          16%         1    None
 Apportation              Tloc           ###...       16%         1    None
 Beastly Appendage        Tmut           ###...       16%         1    None
 Confusing Touch          Hex            ###...       16%         1    None
 Summon Small Mammal      Summ           ###.         16%         1    None
 Sticks to Snakes         Tmut           ###.....     22%         2    ##.....
 Spider Form              Tmut/Pois      ###.......   41%         3    ###....
 Ice Form                 Ice/Tmut       ###.....     83%         4    ####...
 Blade Hands              Tmut           ###.......   99%         5    ######.


Dungeon Overview and Level Annotations

Branches:
Dungeon (8/15)             Temple (1/1) D:6
   Lair: D:8-11

Altars:
Ashenzari
Cheibriados
Dithmenos
Elyvilon
Fedhas
Gozag
Kikubaaqudgha
Makhleb
Okawaru
Qazlal
Ru
Sif Muna
Trog
Uskayaw
Vehumet
Wu Jian
Xom
Yredelemnul
Zin
The Shining One

Annotations:
D:8 Grum, Psyche


Innate Abilities, Weirdness & Mutations

Your experience applies equally to all skills.
You have very sharp teeth.
Your uncanny sense of smell can sniff out nearby items.
You are partially covered in rugged brown scales. (AC +1, +3% HP)
Your mind is acute. (Int +2)


Message History

You block Grum's attack. The wolf barely misses you.
Psyche shouts!
You hit the wolf but do no damage.
The wolf is severely wounded.
You block the wolf's attack. You block Grum's attack. The wolf bites you!
* * * LOW HITPOINT WARNING * * *
Okay, then.
You feel protected. The wolf barely misses you. You block Grum's attack.
The wolf bites you.
* * * LOW HITPOINT WARNING * * *
You block the wolf's attack.
You fade into invisibility!
You block the wolf's attack. x2; Grum barely misses you.
You are very lightly contaminated with residual magic.
You feel very mighty all of a sudden. You block the wolf's attack. x2
Grum hits you from afar with a spear of venom!
* * * LOW HITPOINT WARNING * * *
The wolf bites you.
You die...

#.# #.# #.# .# ## #......≈.
#.# #.# #.###.# #.##........
#.####.###.....# #...........
#.#............#h#...........
#.#.##.........hh.......#####
#.#.........h#.#.....5..#
#.#..#.....hg#.######..#.....
#.#..#.#####h#.# #..#.####
#.#. #.# #@#.######..#.#
##.####.#####@h.........#.#
#...........#...........#
#######.###.#.#.######..# #.#
#.#.# #..#
#.###.#.#.######..#
#.#...............#
#.#.#.#...######..#
..........# #.##


You could see Psyche, Grum and 4 wolves.

Vanquished Creatures
  2 slime creatures (D:5)
  A hippogriff (D:8)
  Eustachio (D:5)
  A hungry ghost (D:8)
  A sky beast (D:8)
  3 ice beasts
  2 ogres (D:6)
  A phantom (D:7)
  A centaur (D:6)
  Blork the orc (D:5)
  3 big kobolds
  A bullfrog (D:6)
  3 scorpions
  3 howler monkeys
  4 crimson imps
  A hound (D:5)
  5 jellies
  3 orc priests
  A gnoll shaman (D:7)
  An orc wizard (D:7)
  A centaur skeleton (D:7)
  2 iguanas
  5 worker ants
  A killer bee zombie (D:6)
  A hound skeleton (D:5)
  2 worker ant zombies
  11 adders
  10 gnolls
  A howler monkey skeleton (D:8)
  A shadow imp (D:6)
  5 oozes (D:5)
  3 adder zombies
  4 worms
  2 dart slugs
  8 leopard geckos
  23 orcs
  4 bats
  2 bat zombies (D:2)
  7 giant cockroaches
  6 goblins
  8 hobgoblins
  20 jackals
  11 kobolds
  A quokka (D:2)
  2 ball pythons
  A ball python zombie (D:6)
  A frilled lizard (D:2)
  2 leopard gecko skeletons (D:5)
  A quokka zombie (D:8)
  6 rats
  3 plants (D:2)
194 creatures vanquished.

Vanquished Creatures (others)
  3 fungi (D:5)
  5 toadstools (D:5)
8 creatures vanquished.

Grand Total: 202 creatures vanquished

Notes
Turn   | Place    | Note
-------+----------+-------------------------------------------
     0 | D:1      | Lew the Gnoll Fighter began the quest for the Orb.
     0 | D:1      | Reached XP level 1. HP: 23/23 MP: 1/1
   147 | D:1      | Reached XP level 2. HP: 28/29 MP: 2/2
   539 | D:2      | Reached XP level 3. HP: 35/35 MP: 3/3
   760 | D:2      | Reached skill level 1 in Invocations
   806 | D:2      | Found a shimmering altar of Xom.
  1069 | D:2      | Reached skill level 1 in Short Blades
  1069 | D:2      | Reached skill level 1 in Long Blades
  1069 | D:2      | Reached skill level 1 in Maces & Flails
  1069 | D:2      | Reached skill level 1 in Polearms
  1069 | D:2      | Reached skill level 1 in Staves
  1069 | D:2      | Reached skill level 1 in Slings
  1069 | D:2      | Reached skill level 1 in Bows
  1069 | D:2      | Reached skill level 1 in Crossbows
  1069 | D:2      | Reached skill level 1 in Throwing
  1069 | D:2      | Reached skill level 1 in Dodging
  1069 | D:2      | Reached skill level 1 in Stealth
  1069 | D:2      | Reached skill level 1 in Unarmed Combat
  1069 | D:2      | Reached skill level 1 in Spellcasting
  1069 | D:2      | Reached skill level 1 in Evocations
  1073 | D:2      | Reached XP level 4. HP: 41/41 MP: 5/5
  1310 | D:2      | Reached skill level 1 in Conjurations
  1310 | D:2      | Reached skill level 1 in Hexes
  1310 | D:2      | Reached skill level 1 in Charms
  1310 | D:2      | Reached skill level 1 in Summonings
  1310 | D:2      | Reached skill level 1 in Necromancy
  1310 | D:2      | Reached skill level 1 in Translocations
  1310 | D:2      | Reached skill level 1 in Transmutations
  1310 | D:2      | Reached skill level 1 in Fire Magic
  1310 | D:2      | Reached skill level 1 in Ice Magic
  1310 | D:2      | Reached skill level 1 in Air Magic
  1310 | D:2      | Reached skill level 1 in Earth Magic
  1310 | D:2      | Reached skill level 1 in Poison Magic
  1380 | D:2      | Found an ornate altar of the Wu Jian Council.
  2042 | D:3      | Reached XP level 5. HP: 47/47 MP: 6/6
  2483 | D:3      | Found a shadowy altar of Dithmenos.
  2483 | D:3      | Found a white marble altar of Elyvilon.
  2526 | D:3      | Gained mutation: Your mind is acute. (Int +2) [potion of mutation]
  2526 | D:3      | Gained mutation: You are partially covered in rugged brown scales. (AC +1, +3% HP) [potion of mutation]
  2719 | D:4      | Reached XP level 6. HP: 49/54 MP: 8/8
  2932 | D:4      | Found a radiant altar of Vehumet.
  3029 | D:4      | Reached skill level 5 in Axes
  3212 | D:5      | Entered Level 5 of the Dungeon
  3286 | D:5      | Reached XP level 7. HP: 57/60 MP: 10/10
  3357 | D:5      | Noticed Blork the orc
  3364 | D:5      | Killed Blork the orc
  3530 | D:5      | Noticed Eustachio
  3553 | D:5      | Killed Eustachio
  3841 | D:5      | Reached XP level 8. HP: 66/69 MP: 12/12
  3869 | D:5      | Noticed a slime creature
  3869 | D:5      | Noticed a slime creature
  3883 | D:5      | Killed a slime creature
  4073 | D:5      | Killed a slime creature
  4578 | D:6      | Found a staircase to the Ecumenical Temple.
  4593 | Temple   | Entered the Ecumenical Temple
  4656 | Temple   | Became a worshipper of Warmaster Okawaru
  4800 | D:6      | Found an opulent altar of Gozag.
  4922 | D:6      | Got a bloodstained scale mail
  4923 | D:6      | Identified the +3 scale mail of Chimes {*Corrode rElec Int+4} (You found it on level 6 of the Dungeon)
  4966 | D:6      | Reached XP level 9. HP: 69/74 MP: 14/14
  5251 | D:7      | Reached * piety under Okawaru
  5274 | D:7      | Found a shadowy altar of Dithmenos.
  5667 | D:7      | Found a shattered altar of Ashenzari.
  6287 | D:8      | Reached ** piety under Okawaru
  6287 | D:8      | Reached skill level 5 in Invocations
  6440 | D:8      | Noticed Psyche
  6442 | D:8      | Noticed Grum
  6564 | D:8      | HP: 3/76 [Grum/spear of venom (16)]
  6564 | D:8      | Slain by a wolf

Skill      XL: |  1  2  3  4  5  6  7  8  9 |
---------------+----------------------------+-----
Invocations    | 1 2 3 4 5 |  5.1
Short Blades   | 1 2 3 4 |  4.6
Long Blades    | 1 2 3 4 |  4.6
Maces & Flails | 1 2 3 4 |  4.6
Polearms       | 1 2 3 4 |  4.6
Staves         | 1 2 3 4 |  4.6
Slings         | 1 2 3 4 |  4.6
Bows           | 1 2 3 4 |  4.6
Crossbows      | 1 2 3 4 |  4.6
Throwing       | 1 2 3 4 |  4.6
Dodging        | 1 2 3 4 |  4.6
Stealth        | 1 2 3 4 |  4.6
Unarmed Combat | 1 2 3 4 |  4.6
Spellcasting   | 1 2 3 4 |  4.6
Evocations     | 1 2 3 4 |  4.6
Conjurations   | 1 2 3 |  3.8
Hexes          | 1 2 3 |  3.8
Charms         | 1 2 3 |  3.8
Summonings     | 1 2 3 |  3.8
Necromancy     | 1 2 3 |  3.8
Translocations | 1 2 3 |  3.8
Transmutations | 1 2 3 |  3.8
Fire Magic     | 1 2 3 |  3.8
Ice Magic      | 1 2 3 |  3.8
Air Magic      | 1 2 3 |  3.8
Earth Magic    | 1 2 3 |  3.8
Poison Magic   | 1 2 3 |  3.8
Axes           | 5 6 |  6.6
Fighting       | 7 8 |  8.1
Armour         | 7 8 |  8.1
Shields        | 7 8 |  8.1

Action                   |  1- 3 |  4- 6 |  7- 9 || total
-------------------------+-------+-------+-------++-------
Melee: War axe           |    82 |   220 |   349 ||   651
       Bite              |     5 |    23 |    31 ||    59
  Use: Scroll            |     6 |     8 |    10 ||    24
       Potion            |     1 |     4 |     9 ||    14
 Stab: Sleeping          |       |     1 |     2 ||     3
       Invisible         |       |       |     2 ||     2
       Distracted        |       |       |     1 ||     1
  Eat: Chunk             |     1 |     4 |     2 ||     7
       Ration            |       |     1 |     3 ||     4
Armor: Scale mail        |    43 |    37 |   114 ||   194
Dodge: Dodged            |    35 |    52 |   133 ||   220
Block: Shield            |    67 |    83 |   233 ||   383
       Reflection        |       |       |     1 ||     1
